 Dungeon Crawl Stone Soup version 0.19.4-9-g45fd643 (webtiles) character file.

75083 nono the Brawler (level 15, -2/124 HPs)
             Began as a Ghoul Wanderer on Feb 16, 2017.
             Was a Follower of Uskayaw.
             Slain by a troll (4 damage)
             ... while paralysed by an orc sorcerer
             ... on level 2 of the Orcish Mines.
             The game lasted 01:18:24 (19574 turns).

nono the Brawler (Ghoul Wanderer)                  Turns: 19574, Time: 01:18:26

Health: -2/124     AC: 19    Str: 23 (24) XL:     15   Next: 48%
Magic:  22/22      EV:  2    Int:  7 (8)  God:    Uskayaw [*.....]
Gold:   1632       SH:  0    Dex:  6 (8)  Spells: 0 memorised, 14 levels left

rFire  + . .     SeeInvis .       - Unarmed
rCold  + . .     Gourm    .     i - +0 plate armour
rNeg   + + +     Faith    .     (no shield)
rPois  ∞         Spirit   .     x - +0 hat
rElec  .         Reflect  .     Y - +1 cloak
rCorr  .         Harm     .     (no gloves)
MR     +....                    l - +0 pair of boots
Stlth  ..........               I - amulet of regeneration
                                E - +5 ring of evasion
                                t - ring "Umibow" {+Inv rF+ Int+2 Stlth-}

@: paralysed, rotting
A: rotting body, claws 1, carnivore 3, cold resistance 1, negative energy
resistance 3, slow regeneration 1, torment resistance, unbreathing
a: Stomp, Renounce Religion, Evoke Invisibility


You were on level 2 of the Orcish Mines.
You worshipped Uskayaw.
Uskayaw was aware of your devotion.
You were not hungry.

You visited 4 branches of the dungeon, and saw 20 of its levels.
You visited the Abyss 1 time.
You also visited: Labyrinth.

You collected 1692 gold pieces.
You spent 60 gold pieces at shops.

Inventory:

Hand Weapons
 L - a cursed +0 hand axe
 S - a +3 dagger of venom
Missiles
 e - 5 poisoned tomahawks
 o - 4 throwing nets (quivered)
 P - 8 javelins of penetration
Armour
 i - a +0 plate armour (worn)
 l - a +0 pair of boots (worn)
 x - a +0 hat (worn)
 O - a +0 shield
 Y - a +1 cloak (worn)
Jewellery
 a - an uncursed ring of protection from magic
 n - an uncursed ring of flight
 q - an uncursed ring of stealth
 s - an uncursed ring of protection from fire
 t - the ring "Umibow" (left claw) {+Inv rF+ Int+2 Stlth-}
   (You found it on level 6 of the Lair of Beasts)

   [ring of intelligence]

   It affects your intelligence (+2).
   It protects you from fire.
   It lets you turn invisible.
   It makes you less stealthy.
 E - a +5 ring of evasion (right claw)
 I - an amulet of regeneration (around neck)
 Q - an uncursed ring of magical power
 U - an uncursed ring of see invisible
Wands
 c - a wand of teleportation (6/9)
 g - a wand of confusion (34/48)
 y - a wand of slowing (24/48)
 A - a wand of enslavement (7/24)
 V - a wand of digging (2/24)
Scrolls
 j - 11 scrolls of remove curse
 k - 4 scrolls of fog {unknown}
 p - 3 scrolls of teleportation
 u - 4 scrolls of random uselessness {unknown}
 v - a scroll of fear
 D - 3 scrolls of recharging
 F - 2 scrolls of enchant armour
 H - 4 scrolls of identify
 J - a scroll of magic mapping
 K - a scroll of silence
 N - a scroll of brand weapon
 R - 2 scrolls of blinking
 T - a scroll of summoning
 W - 2 scrolls of enchant weapon
Potions
 b - 2 potions of heal wounds
 d - 7 potions of curing
 h - 4 potions of brilliance
 w - a potion of might
 z - 3 potions of haste
 M - 2 potions of flight
 Z - 2 potions of cancellation
Miscellaneous
 m - a phial of floods (inert)
 B - a fan of gales (inert)
Comestibles
 f - 13 meat rations
 r - 3 slices of pizza
 C - 2 royal jellies
 G - 13 beef jerkies
 X - 5 chunks of flesh


   Skills:
 + Level 9.1 Fighting
   Level 1.7 Staves
   Level 1.0 Crossbows
 - Level 1.0 Throwing
 - Level 11.1 Armour
 - Level 9.1 Dodging
 - Level 10.0 Stealth
 - Level 16.8 Unarmed Combat
 - Level 11.5 Invocations
 - Level 1.0 Evocations


You had 14 spell levels left.
You didn't know any spells.

Dungeon Overview and Level Annotations

Branches:
Dungeon (11/15)            Temple (1/1) D:4            Lair (6/6) D:8
  Swamp (0/4) Lair:3       Spider (0/4) Lair:4        Slime (0/5) Lair:5
    Orc (2/2) D:10
    Elf: Orc:2

Altars:
Ashenzari
Cheibriados
Dithmenos
Elyvilon
Fedhas
Gozag
Hepliaklqana
Kikubaaqudgha
Makhleb
Nemelex Xobeh
Okawaru
Qazlal
Ru
Sif Muna
Trog
Uskayaw
Xom
Yredelemnul
Zin
The Shining One

Shops:
D:9 }!

Annotations:
D:8 exclusion: oklob plant
Lair:2 exclusion: oklob plant
Lair:4 exclusion: upstairs
Orc:2 Maurice


Innate Abilities, Weirdness & Mutations

Your body is rotting away.
You thrive on raw meat.
You are immune to poison.
You have sharp fingernails.
You are carnivorous and can eat meat at any time.
Your flesh is cold resistant. (rC+)
You are immune to negative energy. (rN+++)
You regenerate slowly when monsters are visible.
You are immune to unholy pain and torment.
You can survive without breathing.


Message History

The orc sorcerer hits you but does no damage.
The ogre hits you but does no damage. The troll bites you.
* * * LOW HITPOINT WARNING * * *
The troll claws you but does no damage. The troll claws you.
* * * LOW HITPOINT WARNING * * *
The ice devil hits you.
* * * LOW HITPOINT WARNING * * *
The ice devil freezes you. You resist.
* * * LOW HITPOINT WARNING * * *
The orc sorcerer shouts, "You are history!"
The orc sorcerer hits you but does no damage.
The troll bites you but does no damage.
The troll claws you but does no damage. x2
The ogre hits you with a giant spiked club!
* * * LOW HITPOINT WARNING * * *
The ice devil hits you.
* * * LOW HITPOINT WARNING * * *
The ice devil freezes you! You resist.
* * * LOW HITPOINT WARNING * * *
The orc sorcerer barely misses you. The troll bites you.
You die...

........................
..............<.........
........................
........................
...#...............C...$
........................
.......TO..O............
.....OOT##....).........
......o@.##.).)[........
......@4.##.(...........
........###..<..........
.#......................
........................
...<....................
.........#..............
#.......................
..$.#..............


You could see Maurice, an ice devil, 2 trolls, an orc sorcerer and 3 ogres.

Vanquished Creatures
  2 dire elephants (Lair:4)
  A minotaur (Lab)
  Harold (Lair:3)
  9 hydras
  4 catoblepae (Lair:6)
  A hell hog (Abyss:1)
  23 death yaks
  A wretched star (Abyss:1)
  An unseen horror (Lab)
  A lindwurm (Lair:6)
  Pikel (D:6)
  An anaconda skeleton (Abyss:1)
  15 elephants
  A torpor snail (Lair:5)
  2 black mambas (Lair:5)
  A smoke demon (Abyss:1)
  8 spiny frogs
  10 komodo dragons
  6 rime drakes
  A freezing wraith (Abyss:1)
  2 polar bears
  A jumping spider (Lair:4)
  A troll (D:9)
  4 hippogriffs
  A raiju (Orc:2)
  20 dream sheep
  A two-headed ogre (D:10)
  26 blink frogs
  A large abomination (Abyss:1)
  A vampire (D:10)
  A spriggan (D:7)
  A wraith (Abyss:1)
  49 yaks
  4 wyverns
  4 humans (Lair:5)
  A fire bat (Abyss:1)
  A neqoxec (Abyss:1)
  6 basilisks
  6 hungry ghosts (Lab)
  A chaos spawn (Abyss:1)
  Duvessa (D:5)
  10 porcupines
  12 water moccasins
  2 black bears
  12 orc warriors
  3 ice beasts
  4 sky beasts
  4 slaves (D:6)
  10 ogres
  A necrophage (D:9)
  An eye of draining (Abyss:1)
  2 small abominations (Abyss:1)
  5 wolves (Lair:3)
  A centaur (D:8)
  11 crocodiles
  7 big kobolds
  Blork the orc (D:5)
  5 gnoll sergeants
  9 bullfrogs
  Dowan (D:5)
  A scorpion (D:4)
  3 killer bees (D:7)
  5 wights (D:6)
  A spriggan skeleton (Lab)
  A bullfrog zombie (D:5)
  A howler monkey (D:8)
  5 crimson imps
  8 jellies
  4 hounds
  4 centaur skeletons
  A quasit (D:10)
  5 orc priests
  14 orc wizards
  3 bullfrog skeletons
  6 iguanas
  5 worker ants
  Ijyb (D:1)
  2 hound skeletons
  A hound zombie (D:10)
  A howler monkey skeleton (D:8)
  16 gnolls
  2 adders
  3 shadow imps
  3 ufetubi (Abyss:1)
  An ooze (Lair:5)
  An adder zombie (D:9)
  2 adder skeletons
  4 worms (D:3)
  3 dart slugs
  2 leopard geckos
  78 orcs
  6 bats
  6 giant cockroaches
  15 goblins
  7 hobgoblins
  3 jackals (D:8)
  24 kobolds
  A quokka (D:3)
  A ball python skeleton (D:5)
  4 frilled lizards
  A jackal skeleton (D:5)
  3 leopard gecko skeletons
  2 quokka skeletons
  7 rats
  A butterfly (Lair:2)
  A plant (Lab)
593 creatures vanquished.

Vanquished Creatures (collateral kills)
  Rupert (Lair:6)
1 creature vanquished.

Vanquished Creatures (others)
  A human (Lair:5)
  An orc (Orc:2)
  10 fungi
  12 plants
  5 toadstools (Lair:4)
29 creatures vanquished.

Grand Total: 623 creatures vanquished

Notes
Turn   | Place    | Note
-------+----------+-------------------------------------------
     0 | D:1      | nono the Ghoul Wanderer began the quest for the Orb.
     0 | D:1      | nono set off with: a +2 dagger, a potion of heal wounds, a +0 quarterstaff, a potion of curing, a +0 robe, a meat ration
     0 | D:1      | Reached XP level 1. HP: 16/16 MP: 0/0
   143 | D:1      | Reached skill level 1 in Unarmed Combat
   336 | D:1      | Reached XP level 2. HP: 23/23 MP: 1/1
   640 | D:1      | Reached skill level 2 in Unarmed Combat
  1240 | D:2      | Noticed Ijyb
  1260 | D:1      | Killed Ijyb
  1260 | D:1      | Reached skill level 3 in Unarmed Combat
  1260 | D:1      | Reached XP level 3. HP: 15/27 MP: 2/2
  1709 | D:2      | Reached XP level 4. HP: 35/35 MP: 3/3
  1900 | D:2      | Reached skill level 4 in Unarmed Combat
  2223 | D:3      | Noticed an ice beast
  2236 | D:3      | Killed an ice beast
  2236 | D:3      | Reached skill level 5 in Unarmed Combat
  2236 | D:3      | Reached XP level 5. HP: 28/40 MP: 4/4
  2748 | D:4      | Reached XP level 6. HP: 35/48 MP: 5/5
  2778 | D:4      | Found a staircase to the Ecumenical Temple.
  2792 | D:4      | Reached skill level 6 in Unarmed Combat
  2800 | Temple   | Entered the Ecumenical Temple
  2910 | Temple   | Became a worshipper of Uskayaw the Reveler
  3012 | D:4      | Reached * piety under Uskayaw
  3353 | D:4      | Reached ** piety under Uskayaw
  3367 | D:4      | Reached *** piety under Uskayaw
  3590 | D:4      | Reached skill level 1 in Invocations
  3594 | D:5      | Entered Level 5 of the Dungeon
  3605 | D:5      | Reached XP level 7. HP: 50/57 MP: 7/7
  3610 | D:5      | Found a burning altar of Makhleb.
  3690 | D:5      | Noticed Duvessa
  3691 | D:5      | Noticed Dowan
  3703 | D:5      | Killed Duvessa
  3711 | D:5      | Killed Dowan
  3953 | D:5      | Noticed Blork the orc
  3967 | D:5      | Killed Blork the orc
  3967 | D:5      | Reached skill level 5 in Invocations
  4185 | D:5      | Reached XP level 8. HP: 33/62 MP: 7/11
  4774 | D:6      | Reached skill level 7 in Unarmed Combat
  4864 | D:6      | Noticed Pikel
  5205 | D:6      | Reached skill level 8 in Unarmed Combat
  5207 | D:6      | Reached **** piety under Uskayaw
  5518 | D:6      | Killed Pikel
  5518 | D:6      | Reached skill level 10 in Unarmed Combat
  5518 | D:6      | Reached XP level 9. HP: 60/69 MP: 13/13
  5935 | D:7      | Found a glowing golden altar of the Shining One.
  6272 | D:7      | Reached skill level 5 in Armour
  6476 | D:8      | Found a shadowy altar of Dithmenos.
  6620 | D:8      | Found a blossoming altar of Fedhas.
  6630 | D:8      | Noticed an oklob plant
  6825 | D:8      | Reached ***** piety under Uskayaw
  6894 | D:8      | Found a staircase to the Lair.
  7224 | D:8      | Found a hazy altar of Hepliaklqana.
  7224 | D:8      | Found a deep blue altar of Sif Muna.
  7225 | D:8      | Found an iron altar of Okawaru.
  7519 | D:9      | Reached XP level 10. HP: 73/77 MP: 14/14
  7656 | D:9      | Found Qaleej's Distillery.
  7664 | D:9      | Bought a potion of might for 60 gold pieces
  7674 | D:9      | Noticed a four-headed hydra
  7685 | D:9      | Killed a four-headed hydra
  8038 | D:9      | Found Plog's Gadget Shop.
  8099 | D:10     | Entered Level 10 of the Dungeon
  8356 | D:10     | Reached skill level 10 in Armour
  8543 | D:10     | Found a staircase to the Orcish Mines.
  8820 | D:9      | Reached XP level 11. HP: 57/82 MP: 13/15
  9208 | D:11     | Noticed a purple ugly thing
  9587 | D:10     | Reached skill level 5 in Fighting
  9903 | Lair:1   | Entered Level 1 of the Lair of Beasts
  9959 | Lair:1   | Noticed a six-headed hydra
  9972 | Lair:1   | Killed a six-headed hydra
 10191 | Lair:1   | Reached skill level 1 in Dodging
 10341 | Lair:1   | Noticed an eight-headed hydra
 10358 | Lair:1   | Killed an eight-headed hydra
 10769 | Lair:2   | Found a labyrinth entrance.
 10782 | Lab      | Entered a labyrinth
 12096 | Lab      | Killed an unseen horror
 12096 | Lab      | Reached skill level 11 in Unarmed Combat
 12096 | Lab      | Reached XP level 12. HP: 81/99 MP: 3/16
 12271 | Lab      | Noticed a minotaur
 12279 | Lab      | Killed a minotaur
 12281 | Lab      | Identified the Volume of Clay and Dark Arts
 12638 | Lair:2   | Reached skill level 5 in Dodging
 13059 | Lair:3   | Noticed Harold
 13074 | Lair:3   | Killed Harold
 13074 | Lair:3   | Reached skill level 12 in Unarmed Combat
 13502 | Lair:3   | Noticed a five-headed hydra
 13519 | Lair:3   | Killed a five-headed hydra
 13648 | Lair:3   | Found a staircase to the Swamp.
 13969 | Lair:4   | Identified Sif Muna's Handbook of the Hundredfold Places
 14065 | Lair:4   | Reached skill level 13 in Unarmed Combat
 14161 | Lair:4   | Found a runed door.
 14355 | Lair:4   | Reached XP level 13. HP: 106/106 MP: 17/17
 14586 | Lair:4   | Found a hole to the Spider Nest.
 15233 | Lair:4   | Noticed a dire elephant
 15244 | Lair:4   | Noticed a dire elephant
 15448 | Lair:5   | Reached ****** piety under Uskayaw
 15453 | Lair:5   | Reached skill level 14 in Unarmed Combat
 15693 | Lair:5   | Reached skill level 15 in Unarmed Combat
 15764 | Lair:5   | Reached skill level 16 in Unarmed Combat
 16058 | Lair:5   | Reached XP level 14. HP: 90/114 MP: 18/18
 16299 | Lair:5   | Found a staircase to the Slime Pits.
 16709 | Lair:6   | Entered Level 6 of the Lair of Beasts
 17027 | Lair:6   | Reached skill level 10 in Invocations
 17036 | Lair:6   | Noticed Rupert
 17049 | Lair:6   | Killed Rupert
 17359 | Lair:6   | Reached skill level 5 in Stealth
 17369 | Lair:6   | Reached XP level 15. HP: 47/121 MP: 14/22
 18241 | Lair:6   | Got a smoking silver ring
 18242 | Lair:6   | Identified the ring "Umibow" {+Inv rF+ Int+2 Stlth-} (You found it on level 6 of the Lair of Beasts)
 18796 | Orc:1    | Entered Level 1 of the Orcish Mines
 19013 | Orc:2    | Entered Level 2 of the Orcish Mines
 19036 | Orc:2    | Cast into level 1 of the Abyss (orc)
 19049 | Abyss:1  | Reached skill level 10 in Stealth
 19291 | Orc:2    | Escaped the Abyss
 19566 | Orc:2    | Noticed Maurice
 19570 | Orc:2    | Paralysed by an orc sorcerer for 6 turns
 19574 | Orc:2    | HP: 2/124 [ice devil[an orc sorcerer] (10)]
 19574 | Orc:2    | Slain by a troll

Skill      XL: |  1  2  3  4  5  6  7  8  9 10 11 12 13 14 15 |
---------------+----------------------------------------------+-----
Unarmed Combat | 1 3 5 6 10 11 13 16 | 16.8
Fighting       | 3 8 9 |  9.1
Invocations    | 2 5 6 11 | 11.5
Armour         | 7 10 11 | 11.1
Dodging        | 3 7 9 |  9.1
Stealth        | 5 10 | 10.0
Staves         | |  1.7
Crossbows      | |  1.0
Throwing       | |  1.0
Evocations     | |  1.0

Action                   |  1- 3 |  4- 6 |  7- 9 | 10-12 | 13-15 || total
-------------------------+-------+-------+-------+-------+-------++-------
Melee: Unarmed           |    84 |   181 |   476 |   881 |  1029 ||  2651
       Dagger            |     2 |       |       |       |       ||     2
       Punch             |     1 |     2 |    12 |    25 |    58 ||    98
Invok: Line Pass         |       |     1 |     7 |     2 |       ||    10
       Stomp             |       |       |       |    11 |       ||    11
       Grand Finale      |       |       |       |       |     2 ||     2
 Abil: Evoke Flight      |       |       |       |       |     2 ||     2
Evoke: Wand              |       |       |       |    18 |     1 ||    19
       Phial of floods   |       |       |       |       |     2 ||     2
       Fan of gales      |       |       |       |       |     1 ||     1
  Use: Scroll            |     1 |       |    10 |    19 |     5 ||    35
       Potion            |       |       |     1 |     2 |     4 ||     7
 Stab: Sleeping          |       |     1 |       |       |       ||     1
       Paralysed         |       |       |    14 |    43 |    67 ||   124
       Confused          |       |       |     1 |     2 |       ||     3
       Invisible         |       |       |       |       |     1 ||     1
       Petrified         |       |       |       |       |     2 ||     2
  Eat: Chunk             |     7 |    16 |    34 |    83 |    96 ||   236
       Pizza             |       |       |       |     1 |       ||     1
Armor: Robe              |     3 |       |       |       |       ||     3
       Leather armour    |    11 |    17 |       |       |       ||    28
       Ring mail         |       |     4 |    26 |       |       ||    30
       Plate armour      |       |       |    77 |   396 |   421 ||   894
Dodge: Dodged            |    47 |    80 |   253 |   517 |   597 ||  1494
